[Event "*** SCC Grand Prix: Titled Tuesday Blitz"]
[Site "Chess.com"]
[Date "2020.07.07"]
[Round "4"]
[White "Mr_Sinigami"]
[Black "harlem4brew"]
[Result "1-0"]
[WhiteElo "2566"]
[BlackElo "2122"]
[TimeControl "180+1"]
[EndTime "10:40:14 PDT"]
[Termination "Mr_Sinigami won by checkmate"]

1. d4 Nf6 2. Nf3 e6 3. Bf4 b6 4. e3 Bb7 5. Nbd2 Bb4 6. c3 Be7 7. h3 c5 8. Bd3 d5 9. O-O Nbd7 10. a4 Ne4 11. Bc2 Ndf6 12. a5 h6 13. Ba4+ Kf8 14.
Ne5 Ba6 15. Re1 b5 16. Bc2 Nxd2 17. Qxd2 Qc8 18. Nd3 c4 19. Nb4 Bb7 20. a6 Bc6 21. Nxc6 Qxc6 22. f3 Nh5 23. Bh2 Bh4 24. Re2 Ng3 25.
Bxg3 Bxg3 26. e4 Qc7 27. Qe3 Bf4 28. Qf2 g6 29. e5 Bg5 30. f4 Be7 31. Rf1 Qd8 32.
f5 gxf5 33. Bxf5 Bh4 34. g3 Rg8 35. Bg4 Qe7 36. gxh4 h5 37. Qg3 hxg4 38. hxg4 Ke8 39.
Ref2 Rg7 40. g5 Kd7 41. Rf6 Rag8 42. Kh2 Rh7 43. R1f4 Kc6 44. Qf2 Rgg7 45. Qf3 Kb6 46. Qg4 Kxa6 47. g6 Rxg6 48. Rxg6 fxg6 49. Rf6 Ka5 50.
Kh3 Ka4 51. Rxe6 Qd7 52. Qd1+ Ka5 53. Qa1# 1-0

[Event "*** SCC Grand Prix: Titled Tuesday Blitz"]
[Site "Chess.com"]
[Date "2020.07.07"]
[Round "4"]
[White "Ariadna_Atreides"]
[Black "Julianos82"]
[Result "0-1"]
[WhiteElo "2065"]
[BlackElo "2254"]
[TimeControl "180+1"]
[EndTime "10:40:14 PDT"]
[Termination "Julianos82 won by resignation"]

1. d4 d5 2. Nf3 c6 3. c4 dxc4 4. a4 Nf6 5. e3 Be6 6. Na3 Na6 7. Bxc4 Bxc4 8. Nxc4 e6 9. O-O Be7 10. Qe2 O-O 11. e4 Nb4 12. Rd1 a5 13. h3 Qc7 14.
Be3 Nxe4 15. Rac1 Rad8 16. Nce5 Nf6 17. Ng5 Nfd5 18. Nexf7 Rxf7 19. Nxe6 Qd6 20. Nxd8 Bxd8 21. Qg4 Bc7 22. g3 Nxe3 23. fxe3 Qxg3+ 24. Qxg3 Bxg3 25. Kg2 Bd6 26. Rf1 g5 27. e4 Nd3 28. Rxf7 Kxf7 29.
Rf1+ Nf4+ 30. Kh1 Kg6 31. e5 Bb4 32. h4 h6 33. hxg5 hxg5 34. Kh2 Kf5 35. Kg3 Ke4 36.
Kg4 Ne6 37. Rf6 Kd5 38. Rg6 Bd2 39. Kf5 Nxd4+ 40. Kf6 Bc1 41. Rg8 Bxb2 42. Rd8+ Kc5 43. e6 Nxe6+ 44. Kxe6 b5 45. axb5 cxb5 46. Kf5 a4 47.
Kxg5 a3 48. Ra8 b4 49. Kf4 Kd4 50. Rd8+ Kc3 51. Ke3 a2 52. Ra8 a1=Q 0-1

[Event "*** SCC Grand Prix: Titled Tuesday Blitz"]
[Site "Chess.com"]
[Date "2020.07.07"]
[Round "4"]
[White "Mikasinski"]
[Black "swisspower96"]
[Result "0-1"]
[WhiteElo "2439"]
[BlackElo "2618"]
[TimeControl "180+1"]
[EndTime "10:40:16 PDT"]
[Termination "swisspower96 won on time"]

1. e4 c5 2. Nf3 Nc6 3. d4 cxd4 4. Nxd4 Nf6 5. Nc3 e5 6. Ndb5 d6 7. Bg5 a6 8. Bxf6 gxf6 9. Na3 b5 10. Nd5 f5 11. c3 Bg7 12. exf5 Bxf5 13. Nc2 O-O 14. Nce3 Bg6 15. Bd3 f5 16. a4 f4 17.
Nf1 e4 18. Bc2 Ne5 19. Nb4 a5 20. Qd5+ Kh8 21. Nc6 Nxc6 22. Qxc6 b4 23. h4 bxc3 24.
b3 Rc8 25. Qd5 Rc5 26. Qd1 Bh5 27. Qb1 Re8 28. b4 axb4 29. Qxb4 Qc7 30. g3 Rb8 31. Qa3 Bf3 32. Rg1 Rb2 33. Rc1 fxg3 34. Rxg3 Bh6 35. Ne3 Qf7 36. a5 Bf4 37. Rg1 h6 38. a6 Ra2 0-1

[Event "*** SCC Grand Prix: Titled Tuesday Blitz"]
[Site "Chess.com"]
[Date "2020.07.07"]
[Round "4"]
[White "tigra"]
[Black "m_ezat"]
[Result "1-0"]
[WhiteElo "2789"]
[BlackElo "2534"]
[TimeControl "180+1"]
[EndTime "10:40:17 PDT"]
[Termination "tigra won on time"]

1. e4 c6 2. d4 d5 3. Nc3 dxe4 4. Nxe4 Nd7 5. Nf3 Ngf6 6. Neg5 h6 7. Ne6 fxe6 8. Bd3 Qa5+ 9. Bd2 Qh5 10. Qe2 Nb6 11. O-O-O Nbd5 12. c4 Nb6 13. h3 Nfd7 14.
Rhe1 Kd8 15. Bf4 Qa5 16. Kb1 g5 17. Bd2 Qa4 18. Ne5 Nxe5 19. Qxe5 Rg8 20. Ba5 Bg7 21. Qc5 Bd7 22. Bc2 Ke8 23. Bxa4 Nxa4 24. Qa3 b5 25. b3 Rb8 26. bxa4 bxc4+ 27. Ka1 e5 28. dxe5 Be6 29. Bc3 Kf7 30. Qc5 Rgd8 31. Rxd8 Rxd8 32. Kb2 Rd3 33. Qxc6 h5 34. a5 g4 35. hxg4 hxg4 36. a6 g3 37. Re3 gxf2 38. Rxd3 cxd3 39. Qf3+ Kg6 40. Qxf2 Bf5 41. Qxa7 d2 42. Qd4 Bxe5 43. Qxd2 Bb8 44. Qd4 Ba7 45. Qxa7 1-0

[Event "*** SCC Grand Prix: Titled Tuesday Blitz"]
[Site "Chess.com"]
[Date "2020.07.07"]
[Round "4"]
[White "Kezin_Roman"]
[Black "manitodeplomo"]
[Result "1-0"]
[WhiteElo "2746"]
[BlackElo "2523"]
[TimeControl "180+1"]
[EndTime "10:40:17 PDT"]
[Termination "Kezin_Roman won on time"]

1. d4 g6 2. c4 Bg7 3. Nc3 c5 4. d5 Bxc3+ 5. bxc3 f5 6. e4 fxe4 7. f3 e5 8. dxe6 Nc6 9. Be3 d6 10. Qc2 Bxe6 11. Qxe4 Qe7 12. Bd3 Nf6 13. Qh4 Ne5 14. Be2 O-O-O 15. Nh3 h6 16. O-O g5 17. Qf2 Bxc4 18. Rfe1 Rhf8 19. Bxc4 Nxc4 20. Bxc5 Qc7 21. Bxa7 b6 22. Qd4 d5 23. Re6 Nd7 24. Qxd5 Nde5 25. Qa8+ Kd7 26. Qd5+ Kc8 27. Qb5 Qxa7 28. Rxe5 Nxe5 29.
Qxe5 Rfe8 30. Qf6 b5+ 31. Kh1 Qc5 32. Qxh6 Rd5 33. a4 Red8 34. Qe6+ Kc7 35. Qe2 Qxc3 36. Rg1 bxa4 37. Qe7+ 1-0

[Event "*** SCC Grand Prix: Titled Tuesday Blitz"]
[Site "Chess.com"]
[Date "2020.07.07"]
[Round "4"]
[White "chess94cu"]
[Black "Artem_Koval"]
[Result "0-1"]
[WhiteElo "2594"]
[BlackElo "2438"]
[TimeControl "180+1"]
[EndTime "10:40:17 PDT"]
[Termination "Artem_Koval won by resignation"]

1. e4 c5 2. Nf3 d6 3. d4 cxd4 4. Nxd4 Nf6 5. Nc3 a6 6. Be2 Nbd7 7. O-O g6 8. f4 Bg7 9. Bf3 O-O 10. Qe1 Qc7 11. Be3 Rb8 12. a4 b6 13. e5 dxe5 14. Nc6 exf4 15. Nxb8 fxe3 16. Nxd7 Bxd7 17. Qxe3 e6 18. Rad1 Bc6 19. Bxc6 Qxc6 20. Kh1 Ng4 21. Qf3 Qxf3 22. Rxf3 Bxc3 23. bxc3 Rc8 24. Rd6 Ne5 25. Rf2 Nc4 26. Rd7 Ne5 27. Rb7 Rc6 28. h3 h5 29. Re2 Nc4 30. Re4 Kg7 31. Rd4 a5 32.
Rdd7 Ne5 33. Rdc7 Rd6 34. Kh2 h4 35. Kg1 g5 36. Kf2 Kg6 37. Ke3 Kf5 38. c4 f6 39.
c5 Nc4+ 40. Ke2 Rd2+ 41. Ke1 Rxg2 42. cxb6 Ne3 43. Rc5+ Kf4 44. Rf7 f5 45. Rc3 Kf3 46. Rxe3+ Kxe3 47. Kf1 Rxc2 48. Re7 Kf3 49. Ke1 Rc6 50.
b7 Rb6 51. Rxe6 Rxe6+ 52. Kd2 Rb6 0-1

[Event "*** SCC Grand Prix: Titled Tuesday Blitz"]
[Site "Chess.com"]
[Date "2020.07.07"]
[Round "4"]
[White "TST2014"]
[Black "monalize"]
[Result "1-0"]
[WhiteElo "2494"]
[BlackElo "2259"]
[TimeControl "180+1"]
[EndTime "10:40:17 PDT"]
[Termination "TST2014 won by resignation"]

1. d4 Nf6 2. c4 d6 3. Nf3 g6 4.
Nc3 Bg7 5. e4 O-O 6. Be2 Nbd7 7.
O-O e5 8. Be3 Ng4 9. Bg5 f6 10.
Bc1 Nh6 11. b4 Nf7 12. a4 c6 13. a5 Qe7 14. Qb3 Kh8 15. Ba3 exd4 16. Nxd4 f5 17. Rad1 fxe4 18. Rfe1 Nf6 19. Bd3 Bf5 20. f3 Qe5 21.
Bxe4 Nxe4 22. Nxe4 Rae8 23. Bb2 Qf4 24. Nxf5 Qxf5 25. Bxg7+ Kxg7 26. Qc3+ Qe5 27. Qxe5+ Rxe5 28. Kf2 Rfe8 29. Nc3 Rxe1 30. Rxe1 Rxe1 31. Kxe1 Kf6 32.
Ne4+ Ke5 33. c5 d5 34. Nd2 Kd4 35. a6 bxa6 36. Nb3+ Kc4 37. Na5+ Kb5 38. Kd2 Ne5 39. Kc3 g5 40. Nb7 a5 41. Nxa5 g4 42. f4 Nf3 43.
gxf3 g3 44. hxg3 1-0

[Event "*** SCC Grand Prix: Titled Tuesday Blitz"]
[Site "Chess.com"]
[Date "2020.07.07"]
[Round "4"]
[White "Efremov_Vlad"]
[Black "Susal_De_Silva"]
[Result "1-0"]
[WhiteElo "2218"]
[BlackElo "2351"]
[TimeControl "180+1"]
[EndTime "10:40:17 PDT"]
[Termination "Efremov_Vlad won by resignation"]

1. d4 Nf6 2. c4 e6 3. Nf3 b6 4. g3 Bb7 5. Bg2 g6 6. O-O Bg7 7. Nc3 Ne4 8. Bd2 O-O 9. Rc1 d6 10. Be1 Nd7 11. Qc2 Nxc3 12. Bxc3 f5 13. d5 e5 14. h4 a5 15. Ng5 Nc5 16. b3 h6 17.
Nf3 g5 18. hxg5 hxg5 19. a3 g4 20. Nh4 Qg5 21. b4 axb4 22. axb4 Na4 23. Bd2 Qh5 24.
Ra1 b5 25. cxb5 f4 26. Rxa4 Rxa4 27. Qxa4 f3 28. exf3 gxf3 29. Nxf3 Rxf3 30. Qa2 Rf6 31. Be3 Bh6 32. Bxh6 Rxh6 33. Rc1 Qf7 34. Rd1 Kg7 35. Qa7 Rf6 36. Qxb7 Rxf2 37. b6 Rb2 38. Qxc7 Qxc7 39. bxc7 Rc2 40. b5 Rxc7 41. Rb1 Rb7 42. b6 Kf6 43.
Bf1 e4 44. Ba6 Rb8 45. b7 Ke5 46. Rc1 1-0

[Event "*** SCC Grand Prix: Titled Tuesday Blitz"]
[Site "Chess.com"]
[Date "2020.07.07"]
[Round "4"]
[White "Dyadya81"]
[Black "IMHansNiemann"]
[Result "0-1"]
[WhiteElo "2736"]
[BlackElo "2936"]
[TimeControl "180+1"]
[EndTime "10:40:18 PDT"]
[Termination "IMHansNiemann won on time"]

1. e4 g6 2. d4 Bg7 3. Nc3 d6 4. f4 Nf6 5. Nf3 O-O 6. Bd3 Nc6 7. e5 dxe5 8. fxe5 Nd5 9. Nxd5 Qxd5 10. c3 f6 11. exf6 exf6 12. O-O Qd6 13. Nd2 f5 14.
Nf3 Be6 15. Ng5 Bd5 16. Bf4 Qd7 17. h4 h6 18. Nf3 Rae8 19. Qd2 Kh7 20. Kh2 Be4 21.
Rae1 Qd8 22. Bg3 Bf6 23. Bxe4 Rxe4 24. Rxe4 fxe4 25. Ng1 Bxh4 26. Rxf8 Bxg3+ 27. Kxg3 Qxf8 28. Qf4 Qe7 29. Ne2 Kg7 30. d5 Nd8 31. Nd4 h5 32. Kf2 c6 33. d6 Qf6 34. Ke3 Nf7 35. d7 Qxf4+ 36. Kxf4 Kf6 37. Kxe4 Ke7 38. Nf3 Kxd7 39.
Nh4 g5 40. Nf3 Ke6 41. Nd4+ Kf6 42. b3 h4 43. c4 Nd6+ 44. Kf3 Nf5 45. Ne2 Ke5 46. Kg4 Ne3+ 47. Kxg5 Nxg2 48. Kg4 Ke4 49. Nc3+ Kd3 50. Na4 b6 51. Kh3 Ne3 52. Kxh4 Nd1 53. Kg5 Nc3 0-1

[Event "*** SCC Grand Prix: Titled Tuesday Blitz"]
[Site "Chess.com"]
[Date "2020.07.07"]
[Round "4"]
[White "Elshan1985"]
[Black "Timerkhanov"]
[Result "1-0"]
[WhiteElo "2837"]
[BlackElo "2627"]
[TimeControl "180+1"]
[EndTime "10:40:18 PDT"]
[Termination "Elshan1985 won on time"]

1. e4 c5 2. Nf3 d6 3. d4 cxd4 4.
Nxd4 Nf6 5. Nc3 a6 6. Be2 e5 7.
Nf3 h6 8. a4 Be6 9. O-O Nbd7 10. Re1 Be7 11. Nd2 Rc8 12. Bf3 Qc7 13. Nf1 O-O 14.
Ne3 Nb6 15. a5 Nc4 16. Nxc4 Qxc4 17. Be3 Rfd8 18. Bb6 Rd7 19. Qe2 Qxe2 20. Rxe2 d5 21. exd5 Nxd5 22. Nxd5 Bxd5 23. Bg4 Be6 24. Bxe6 fxe6 25.
c3 Bf6 26. g3 Kf7 27. Ra4 Rc6 28. Kg2 Rcd6 29. Be3 Rd5 30. h4 h5 31. c4 Rd3 32.
b4 Rc3 33. b5 Rc7 34. bxa6 bxa6 35. Rb2 Bd8 36. c5 Rc6 37. Rb7+ Kg6 38. g4 hxg4 39. Rxg4+ Kf6 40. Rgxg7 Kf5 41. h5 Bxa5 42. h6 Rc8 43. h7 Rd3 44. Rg8 Rdd8 45. Rf7+ Ke4 46.
Rfg7 1-0

[Event "*** SCC Grand Prix: Titled Tuesday Blitz"]
[Site "Chess.com"]
[Date "2020.07.07"]
[Round "4"]
[White "YPradafah"]
[Black "Oneofmyturns"]
[Result "1-0"]
[WhiteElo "2531"]
[BlackElo "2713"]
[TimeControl "180+1"]
[EndTime "10:40:18 PDT"]
[Termination "YPradafah won on time"]

1. d4 Nf6 2. Nf3 d5 3. Bf4 e6 4. e3 Bd6 5. Ne5 O-O 6. Nd2 c5 7. c3 Nc6 8. Ndf3 Ne7 9. Bd3 b6 10. O-O Bb7 11. Bg3 Nf5 12. a4 a5 13. Re1 Be7 14.
Bb5 Rc8 15. Nd2 Nd6 16. Bf1 c4 17. f3 Nfe8 18. e4 f6 19. Ng4 Qd7 20. Nf2 Nc7 21. Qc2 g6 22. h4 f5 23. e5 Nf7 24.
f4 h6 25. Nf3 Kg7 26. Be2 Rh8 27. Nh3 Bc6 28. Bf2 Rb8 29. Nh2 Qd8 30. Nf3 b5 31. Kh2 b4 32. Rg1 h5 33. Nfg5 Nxg5 34. fxg5 Qd7 35. Rgf1 bxc3 36. bxc3 Rb3 37. Nf4 Rhb8 38.
Ra2 Bxa4 39. Bxh5 Ra3 40. Qe2 Rxa2 41. Qxa2 gxh5 42. Nxh5+ Kf7 43. Qe2 Rh8 44. Kg1 Qd8 45.
g4 Bd7 46. Be1 Bxg5 47. gxf5 exf5 48. Qg4 1-0

[Event "*** SCC Grand Prix: Titled Tuesday Blitz"]
[Site "Chess.com"]
[Date "2020.07.07"]
[Round "4"]
[White "WIDBIFS"]
[Black "UCantHandleDenker"]
[Result "1-0"]
[WhiteElo "2802"]
[BlackElo "2537"]
[TimeControl "180+1"]
[EndTime "10:40:18 PDT"]
[Termination "WIDBIFS won on time"]

1. d4 Nf6 2. Nf3 g6 3. g3 Bg7 4.
Bg2 O-O 5. O-O d6 6. c4 Nc6 7.
Nc3 e5 8. d5 Ne7 9. Ne1 Nd7 10.
Nd3 h6 11. e4 f5 12. f4 fxe4 13. Nxe4 Nf5 14. Kh1 Qe7 15. Bd2 a5 16. Qa4 b6 17. Rae1 Ba6 18. b3 Kh8 19. Qa3 Rae8 20. Qc1 Kh7 21. a4 Bc8 22. Bc3 Qd8 23. Qa1 Re7 24.
fxe5 Nxe5 25. Nf4 Ng4 26. Bxg7 Rxg7 27. Qc3 Nf6 28. Ne6 Bxe6 29. dxe6 Nxe4 30. Bxe4 Ne7 31. Bd5 Nf5 32. Be4 Qg5 33. Bxf5 Rxf5 34. Rxf5 Qxf5 35.
Qxg7+ Kxg7 36. e7 Qf3+ 37. Kg1 Qxb3 38. e8=Q 1-0

[Event "*** SCC Grand Prix: Titled Tuesday Blitz"]
[Site "Chess.com"]
[Date "2020.07.07"]
[Round "4"]
[White "Alopekos"]
[Black "Munkhzul_Turmunkh"]
[Result "1-0"]
[WhiteElo "2359"]
[BlackElo "2598"]
[TimeControl "180+1"]
[EndTime "10:40:19 PDT"]
[Termination "Alopekos won by checkmate"]

1. e4 c5 2. Nc3 Nc6 3. Nge2 Nf6 4. d4 cxd4 5. Nxd4 e5 6. Ndb5 d6 7. Nd5 Nxd5 8. exd5 Nb8 9. Qf3 Be7 10. Qc3 Na6 11. Be3 O-O 12. Nxa7 f5 13. Bxa6 bxa6 14. Nc6 Qd7 15.
f4 exf4 16. Bxf4 Bf6 17. Qb4 Re8+ 18. Kf2 Be5 19. Rhe1 a5 20. Qd2 Bxf4 21. Rxe8+ Qxe8 22. Qxf4 Qd7 23. Re1 Bb7 24. Re7 Qc8 25. Qd4 Qf8 26. Rxb7 Re8 27. Qc3 f4 28. Nd4 Qf6 29. Ne6 Qh4+ 30.
Kg1 Re7 31. Rb8+ Kf7 32. Rf8+ Kg6 33. Qd3+ Kh6 34. Rxf4 Qe1+ 35. Rf1 Qh4 36. Qe3+ Kg6 37. Qd3+ Kh6 38. g3 Qh3 39. Qe3+ Kg6 40. Qg5# 1-0

[Event "*** SCC Grand Prix: Titled Tuesday Blitz"]
[Site "Chess.com"]
[Date "2020.07.07"]
[Round "4"]
[White "KyrgyzFighter"]
[Black "karinachess1"]
[Result "0-1"]
[WhiteElo "2315"]
[BlackElo "2497"]
[TimeControl "180+1"]
[EndTime "10:40:19 PDT"]
[Termination "karinachess1 won by checkmate"]

1. c4 Nf6 2. Nc3 e6 3. e4 d5 4. e5 d4 5. exf6 dxc3 6. bxc3 Qxf6 7. Nf3 b6 8. d4 h6 9. Be2 Bb7 10. O-O Nd7 11. Rb1 Be7 12. c5 O-O 13. Qa4 Nb8 14. Be3 Be4 15. Rbc1 Rd8 16. Nd2 Bc6 17.
Qc2 Nd7 18. Ne4 Bxe4 19. Qxe4 bxc5 20. Qc6 cxd4 21. cxd4 Bd6 22. Bf3 Rab8 23. Qa6 Nb6 24. Qxa7 Nd5 25. Bxd5 exd5 26. Qa4 Qh4 27. g3 Qh5 28. Qc2 Ra8 29. a4 Qf3 30. Rb1 h5 31. Bg5 Re8 32. Rb3 Qg4 33. Kg2 Qxg5 34. Rf3 Qg6 35.
Qc6 Qe4 36. a5 Rxa5 37. h4 Rf8 38. Qc3 Ra3 39. Qxa3 Bxa3 40. Ra1 Bd6 41. Ra3 Bxa3 42. Kh3 Qxf3 43. Kh2 Qxf2+ 44. Kh3 Qf1+ 45. Kh2 Bb2 46. g4 Bc1 47. Kg3 Bf4# 0-1

[Event "*** SCC Grand Prix: Titled Tuesday Blitz"]
[Site "Chess.com"]
[Date "2020.07.07"]
[Round "4"]
[White "mr65"]
[Black "Tenamu"]
[Result "1-0"]
[WhiteElo "2104"]
[BlackElo "2369"]
[TimeControl "180+1"]
[EndTime "10:40:19 PDT"]
[Termination "mr65 won on time"]

1. e4 e5 2. Nf3 Nc6 3. Bb5 Nf6 4. d3 Bc5 5. O-O d6 6. h3 O-O 7.
Bg5 Ne7 8. Bxf6 gxf6 9. a4 a5 10. c3 Kh8 11. d4 Bb6 12. Nh4 Rg8 13. Kh2 Qf8 14. f4 Qg7 15. fxe5 Qg3+ 16. Kh1 Qxh4 17. Qf3 dxe5 18. Qxf6+ Qxf6 19. Rxf6 exd4 20. Rxf7 Ng6 21. cxd4 Bxd4 22. Rxc7 Nf4 23. Nc3 Nxg2 24. Bc4 Rg3 25. Ne2 Be5 26. Nxg3 Bxc7 27. Kxg2 Bd7 28. Nf5 Re8 29. Kf3 Bc6 30. Bd5 Bd7 31. Rg1 Be5 32. b3 Rc8 33. Bxb7 Rc3+ 34. Ke2 Rxb3 35. Bd5 Rb2+ 36. Kd3 Rb8 37. Nh6 Rf8 38. Nf7+ Rxf7 39. Bxf7 h6 40. Bd5 Bxa4 41. Rg6 Bb5+ 42. Ke3 Kh7 43.
Re6 Bb2 44. e5 a4 45. Re7+ Kg6 46. Rb7 1-0

[Event "*** SCC Grand Prix: Titled Tuesday Blitz"]
[Site "Chess.com"]
[Date "2020.07.07"]
[Round "4"]
[White "larisakalinina"]
[Black "pavelalexandru07"]
[Result "0-1"]
[WhiteElo "1926"]
[BlackElo "2166"]
[TimeControl "180+1"]
[EndTime "10:40:19 PDT"]
[Termination "pavelalexandru07 won by checkmate"]

1. e4 c5 2. Nf3 d6 3. d4 cxd4 4. Nxd4 Nf6 5. Nc3 a6 6. f4 e5 7. Nf3 Qc7 8. a4 Nbd7 9. Bd3 b6 10. O-O Bb7 11. Qe1 Be7 12. Qg3 O-O 13. fxe5 dxe5 14.
Bh6 Nh5 15. Qh3 Ndf6 16. Be3 g6 17. Ng5 h6 18. Nxf7 Rxf7 19. Bxh6 Kh7 20. Bg5 Raf8 21. g4 Bc8 22. Be2 Kg8 23. Qg2 Nf4 24. Bxf4 exf4 25.
g5 Nd7 26. Nd5 Bc5+ 27. Kh1 Qe5 28. Bc4 Bb7 29. Rae1 Kg7 30. c3 Bxd5 31. Bxd5 Re7 32. Qf3 Bd6 33. Kg2 Ree8 34. Rh1 Rh8 35. h4 Ref8 36.
Reg1 Nc5 37. Kf2 Nxa4 38. Ke2 Nxb2 39. h5 Na4 40. h6+ Kh7 41. Rc1 Rc8 42. c4 Qb2+ 43. Kd3 Nc5# 0-1

[Event "*** SCC Grand Prix: Titled Tuesday Blitz"]
[Site "Chess.com"]
[Date "2020.07.07"]
[Round "4"]
[White "Siniauski"]
[Black "totoro9"]
[Result "1-0"]
[WhiteElo "2464"]
[BlackElo "2300"]
[TimeControl "180+1"]
[EndTime "10:40:20 PDT"]
[Termination "Siniauski won by resignation"]

1. e4 c5 2. Nf3 d6 3. Bb5+ Bd7 4. Bxd7+ Qxd7 5. O-O Nf6 6. Qe2 Nc6 7. b3 e6 8. Bb2 Be7 9. Rd1 O-O 10. c4 e5 11.
Nc3 Nd4 12. Nxd4 exd4 13. Nd5 Nxd5 14. exd5 Rae8 15. Qf3 Bg5 16. a3 g6 17. b4 b6 18.
b5 a5 19. d3 h5 20. Re1 Qg4 21. Qg3 Bf4 22. Qxg4 hxg4 23. g3 Bd2 24. Rxe8 Rxe8 25. Kf1 f5 26. Rd1 Bg5 27. Re1 Rxe1+ 28. Kxe1 Kf7 29.
Kf1 Kf6 30. Kg2 Ke5 31. h3 Bd2 32. f4+ Kf6 33. h4 Be1 34. Bc1 Bc3 35. Kf2 Ba1 36. Bd2 Bb2 37. a4 Ba3 38. Bxa5 bxa5 39. b6 Bc1 40. b7 Be3+ 41. Kg2 1-0

[Event "*** SCC Grand Prix: Titled Tuesday Blitz"]
[Site "Chess.com"]
[Date "2020.07.07"]
[Round "4"]
[White "allvim"]
[Black "Love_craft"]
[Result "1-0"]
[WhiteElo "2275"]
[BlackElo "2419"]
[TimeControl "180+1"]
[EndTime "10:40:20 PDT"]
[Termination "allvim won by checkmate"]

1. e4 g6 2. Nf3 Bg7 3. Nc3 d6 4. d4 Nd7 5. Bc4 e5 6. Ng5 Nh6 7. Bxf7+ Nxf7 8. Ne6 Qh4 9. Nxg7+ Ke7 10. Nd5+ Kf8 11. Ne6+ Kg8 12. Qg4 Qf6 13. Nxf6+ Nxf6 14. Qf3 Ne8 15. d5 h6 16. Bd2 Rh7 17. O-O-O Ng7 18. Nxc7 Rb8 19. Bb4 Nh5 20. Ne8 Ng5 21. Nf6+ Nxf6 22. Qxf6 Rg7 23. Qxd6 Ra8 24. Qf8+ Kh7 25.
f3 Rg8 26. Qe7+ Rg7 27. Qxe5 Bd7 28. Bc3 Rf7 29. h4 Re8 30. hxg5 Rxe5 31. Rxh6+ Kg8 32. Bxe5 Re7 33. Rh8+ Kf7 34. Rh7+ Ke8 35. Rxe7+ Kxe7 36. Bf6+ Kf7 37. e5 Bf5 38. e6+ Ke8 39. Rh1 Bh3 40. Rxh3 b5 41. Rh8# 1-0

[Event "*** SCC Grand Prix: Titled Tuesday Blitz"]
[Site "Chess.com"]
[Date "2020.07.07"]
[Round "4"]
[White "cukin84"]
[Black "gui_borba"]
[Result "1/2-1/2"]
[WhiteElo "2175"]
[BlackElo "2331"]
[TimeControl "180+1"]
[EndTime "10:40:20 PDT"]
[Termination "Game drawn by agreement"]

1. e4 c6 2. d4 d5 3. exd5 cxd5 4. Bd3 Nc6 5. c3 Nf6 6. h3 e5 7. dxe5 Nxe5 8. Be2 Bd6 9. Nf3 O-O 10. O-O a6 11.
Bg5 h6 12. Bxf6 Qxf6 13. Qxd5 Rd8 14. Qb3 Bxh3 15. Nbd2 Qg6 16. Ne1 Bc5 17. Ndf3 Ng4 18. Nd4 Ne5 19. Qc2 Qxc2 20. Nexc2 Bc8 21. Rad1 Re8 22.
Ne3 b5 23. Nd5 Bb7 24. Nc7 Rac8 25. Nxe8 Rxe8 26. f4 Ng6 27. Bf3 Bc8 28. Bd5 Kf8 29. f5 Ne5 30. f6 gxf6 31. Rxf6 Kg7 32. Rf4 Rd8 33. Bb3 Bb7 34. Kh1 Rd6 35. Rdf1 Rg6 36.
Nf3 Bxf3 37. gxf3 Rg5 38. Bc2 Bd6 39. Rg1 Nc4 40. Rxg5+ hxg5 41. Rd4 Be5 42. Rd5 Bf6 43. Kg2 Nxb2 44. Bb3 Bxc3 45. Rd7 Nc4 46. Bxc4 bxc4 47. Rc7 Be5 48. Rxc4 a5 49. Rc5 1/2-1/2

[Event "*** SCC Grand Prix: Titled Tuesday Blitz"]
[Site "Chess.com"]
[Date "2020.07.07"]
[Round "4"]
[White "MisiekZielony"]
[Black "Vitor-Moraes"]
[Result "1-0"]
[WhiteElo "2192"]
[BlackElo "1999"]
[TimeControl "180+1"]
[EndTime "10:40:20 PDT"]
[Termination "MisiekZielony won on time"]

1. c4 c6 2. Nc3 d5 3. cxd5 cxd5 4. d4 Nf6 5. Nf3 e6 6. Bg5 Be7 7. e3 O-O 8. Bd3 Nbd7 9. O-O b6 10. Qa4 Bb7 11.
Ba6 Bxa6 12. Qxa6 Qc8 13. Qa4 a6 14. Rfc1 b5 15. Qb3 Qb7 16. Ne1 Bd6 17. Nd3 h6 18.
Bh4 Rac8 19. Bg3 Bxg3 20. hxg3 Ne4 21. a4 Nxc3 22. bxc3 Nb6 23. axb5 Nc4 24. Rxa6 Rb8 25. Nb4 Qxb5 26. Qa2 g6 27. Ra7 Rb7 28. Ra6 Rc8 29. Qe2 Rbc7 30. e4 Qd7 31. exd5 exd5 32. Qf3 Nd2 33.
Qxd5 Qe7 34. Nc6 Qf6 35. Nb4 Nc4 36. Rxf6 Rf8 37. Rxg6+ Kh7 38. Rc6 1-0

[Event "*** SCC Grand Prix: Titled Tuesday Blitz"]
[Site "Chess.com"]
[Date "2020.07.07"]
[Round "4"]
[White "Infernal_XaM"]
[Black "BocharovD"]
[Result "1/2-1/2"]
[WhiteElo "2937"]
[BlackElo "2755"]
[TimeControl "180+1"]
[EndTime "10:40:21 PDT"]
[Termination "Game drawn by agreement"]

1. d4 Nf6 2. c4 e6 3. Nf3 b6 4. g3 Ba6 5. Qc2 Bb7 6. Bg2 c5 7. d5 exd5 8. cxd5 Nxd5 9. Qb3 Nf6 10. Ne5 d5 11. Nc3 Be7 12. O-O Na6 13. Qa4+ Kf8 14.
Rd1 Nc7 15. Bg5 h6 16. Bxf6 Bxf6 17. Nd7+ Kg8 18. Nxd5 Bxb2 19. Rab1 Bd4 20. N5f6+ gxf6 21. Bxb7 b5 22. Qc2 Qxd7 23. Bxa8 Nxa8 24. e3 Nc7 25.
exd4 c4 26. a4 a6 27. d5 Qd6 28. axb5 axb5 29. Rd4 h5 30. Qf5 Kg7 31. h4 Qc5 32. Rdd1 Ne8 33. Qd7 Nd6 34. Ra1 c3 35. Ra6 c2 36. Rc1 Ne4 37. Qf5 Re8 38. Rc6 Qd4 39. R6xc2 Nxg3 40. Qf3 Re4 41. Rd1 Ne2+ 42. Qxe2 Rxe2 43. Rxd4 Rxc2 44. d6 Rc8 45. Rd5 Rd8 46.
Rxh5 Rxd6 47. Rxb5 Rd4 48. h5 Rg4+ 49. Kf1 Rg5 50.
Rb3 Rxh5 1/2-1/2

[Event "*** SCC Grand Prix: Titled Tuesday Blitz"]
[Site "Chess.com"]
[Date "2020.07.07"]
[Round "4"]
[White "BeanScreen"]
[Black "Indianlad"]
[Result "0-1"]
[WhiteElo "2569"]
[BlackElo "2955"]
[TimeControl "180+1"]
[EndTime "10:40:21 PDT"]
[Termination "Indianlad won on time"]

1. e4 c5 2. Nf3 d6 3. d4 cxd4 4.
Nxd4 Nf6 5. Nc3 a6 6. Be3 e5 7. Nb3 Be6 8. h3 h5 9. f4 Be7 10. Qd2 Nc6 11. O-O-O Rc8 12. Kb1 b5 13. f5 Bxb3 14.
axb3 Nb4 15. Be2 Qa5 16. Bf3 Kd7 17. g4 Rc6 18. Qe1 Rxc3 19. Qxc3 Rc8 20. Bc5 Qa2+ 21. Kc1 a5 22. Rxd6+ Bxd6 23. Rd1 Nfd5 24. Rxd5 Nxd5 25. exd5 Rxc5 26. Qd3 Qa1+ 27. Kd2 Qxb2 28. f6 gxf6 29. Qf5+ Ke7 30. Be4 Qd4+ 31. Ke2 hxg4 32. hxg4 Rc3 33. Bd3 Qf4 34. Qh7 Qxg4+ 35. Kd2 Bb4 36. Kc1 Qg1+ 37. Kb2 Qd4 38. Kb1 Ba3 39. Qh2 Rxd3 40. cxd3 Qxd3+ 41. Ka2 Bd6 42. Qf2 Qd4 43. Qc2 Qc5 44. Qd3 a4 45. bxa4 Qc4+ 0-1

[Event "*** SCC Grand Prix: Titled Tuesday Blitz"]
[Site "Chess.com"]
[Date "2020.07.07"]
[Round "4"]
[White "AnishOnYoutube"]
[Black "RaunakSadhwani2005"]
[Result "1-0"]
[WhiteElo "2770"]
[BlackElo "2913"]
[TimeControl "180+1"]
[EndTime "10:40:22 PDT"]
[Termination "AnishOnYoutube won by resignation"]

1. d4 Nf6 2. c4 Nc6 3. Nf3 e6 4. g3 Bb4+ 5. Bd2 Qe7 6. Nc3 d6 7. d5 Bxc3 8. Bxc3 Nb8 9. Bg2 e5 10. O-O O-O 11. c5 Na6 12. cxd6 cxd6 13. Nd2 Bg4 14. h3 Bh5 15. Re1 Rac8 16. Nf1 Bg6 17. e4 Nc5 18. Nd2 Nfd7 19. Re3 f5 20. exf5 Bxf5 21.
Qe2 Qf7 22. g4 Bg6 23. Nc4 Qe7 24. b3 Rf4 25. Rf1 Rcf8 26. Rg3 Qf6 27. Bd2 Rd4 28.
Rf3 Bd3 29. Qe3 Rf4 30. g5 Rxf3 31. gxf6 Rxe3 32. fxg7 Kxg7 33. Bxe3 Bxf1 34. Kxf1 Rf6 35. Bg5 Rg6 36. Be7 Nd3 37. Nxd6 Kg8 38. Be4 Rg7 39.
Nf5 Nf4 40. Nxg7 Kxg7 41. d6 b6 42. Bf5 Nb8 43. d7 1-0